 Dungeon Crawl Stone Soup version 0.24.0-123-gd5b16e6ec5 (webtiles) character file.

Game seed: 13174419773300435049, levelgen mode: deterministic

85 Bluestream the Skirmisher (level 4, -6/42 HPs)
             Began as a Hill Orc Fighter on Feb 4, 2020.
             Killed from afar by Sigmund (8 damage)
             ... with a magic dart
             ... on level 2 of the Dungeon.
             The game lasted 00:01:41 (1346 turns).

Bluestream the Skirmisher (Hill Orc Fighter)        Turns: 1346, Time: 00:01:42

Health: -6/42      AC:  6    Str: 19    XL:     4   Next: 48%
Magic:  4/4        EV:  7    Int:  8    God:
Gold:   80         SH:  0    Dex: 10    Spells: 3/3 levels left

rFire    . . .     SeeInvis .   a - +0 war axe
rCold    . . .     Gourm    .   c - +0 shield
rNeg     . . .     Faith    .   b - +0 scale mail
rPois    .         Spirit   .   (no helmet)
rElec    .         Reflect  .   (no cloak)
rCorr    .         Harm     .   (no gloves)
MR       .....                  (no boots)
Stlth    ..........             (no amulet)
HPRegen  0.14/turn              (no ring)
MPRegen  0.09/turn              (no ring)

@: confused, lethally poisoned (-6 -> -21)
A: no striking features
a: no special abilities


You were on level 2 of the Dungeon.
You were not hungry.

You visited 1 branch of the dungeon, and saw 2 of its levels.

You collected 80 gold pieces.

Inventory:

Hand Weapons
 a - a +0 war axe (weapon)
Armour
 b - a +0 scale mail (worn)
 c - a +0 shield (worn)
Scrolls
 e - a scroll of noise {unknown}
 g - a scroll of immolation {unknown}
 h - 2 scrolls of enchant weapon {unknown}
 i - 2 scrolls of remove curse {unknown}
 l - a scroll of fear {unknown}
 m - a scroll of identify {unknown}
Potions
 d - a potion of might
 j - a potion of curing
 k - a potion of lignification {unknown}
 n - a potion of ambrosia {unknown}
Comestibles
 f - 4 rations


   Skills:
 + Level 5.0 Fighting
 + Level 4.7 Axes
 - Level 3.2 Armour
 - Level 3.2 Shields


You had 3 spell levels left.
You didn't know any spells.
Your spell library was empty.

Dungeon Overview and Level Annotations

Branches:
Dungeon (2/15)

Altars:
Trog

Annotations:
D:2 Sigmund


Message History

You barely miss Sigmund.
Sigmund is severely wounded.
You feel sick.
Sigmund hits you with a +5 scythe of venom.
* * * LOW HITPOINT WARNING * * *
You are more poisoned.
You hit Sigmund but do no damage.
Sigmund is severely wounded.
* * * LOW HITPOINT WARNING * * *
You feel sick.
Sigmund points at you and mumbles some strange words.
You are confused.
Sigmund barely misses you.
* * * LOW HITPOINT WARNING * * *
You feel sick.
* * * LOW HITPOINT WARNING * * *
You feel sick. Sigmund casts a spell at you. The magic dart hits you!
You die...

##...#####............#
###)รท#####...###......#
..##..........# #######
.).#.#........######
..........<........#
._......####.$.#####
....###....###.#######
...## ####..#........#
..## #.....@.@..# ###
##$........# ####
##........# ...##
#........# ....##
#........# .....#
#........# .....#
#........# .....#
########## .....#


You could see Sigmund.

Vanquished Creatures
  4 gnolls (D:2)
  An ooze (D:2)
  2 leopard geckos
  An orc (D:2)
  2 giant cockroaches (D:2)
  4 hobgoblins
  2 quokkas (D:2)
  6 bats
  3 frilled lizards
  6 goblins
  4 kobolds
  4 rats (D:1)
39 creatures vanquished.

Notes
Turn   | Place    | Note
-------+----------+-------------------------------------------
     0 | D:1      | Bluestream the Hill Orc Fighter began the quest for the
                  | Orb.
     0 | D:1      | Reached XP level 1. HP: 19/19 MP: 1/1
    95 | D:1      | Reached skill level 4 in Fighting
    95 | D:1      | Reached XP level 2. HP: 26/27 MP: 2/2
   798 | D:2      | Reached XP level 3. HP: 34/34 MP: 3/3
  1134 | D:2      | Reached XP level 4. HP: 21/41 MP: 4/4
  1134 | D:2      | Reached skill level 5 in Fighting
  1274 | D:2      | Found a bloodstained altar of Trog.
  1331 | D:2      | Noticed Sigmund
  1345 | D:2      | HP: 2/42 [poisoned by Sigmund]
  1346 | D:2      | Killed from afar by Sigmund

Levels and vault maps discovered:
D:1:      wander_arrival_lonely_grave, layout_basic
D:2:      layout_rooms, lemuel_zombie_altar_yredelemnul, trog_butcher_becter,
          uniq_jessica, uniq_natasha, uniq_sigmund

Skill      XL: |  1  2  3  4 |
---------------+-------------+-----
Axes           | 3 4 |  4.7
Fighting       | 4 5 |  5.0
Armour         | |  3.2
Shields        | |  3.2

Action                   |  1- 3 |  4- 6 || total
-------------------------+-------+-------++-------
Melee: War axe           |    85 |    26 ||   111
  Eat: Chunk             |       |     2 ||     2
Armor: Scale mail        |    44 |     7 ||    51
Dodge: Dodged            |    38 |     2 ||    40
Block: Shield            |    47 |    10 ||    57
